 Dungeon Crawl Stone Soup version 0.20.1-1-g8b1a95d (webtiles) character file.

285 Ymberti the Firebug (level 6, -6/34 HPs)
             Began as a Deep Elf Fire Elementalist on Oct 14, 2017.
             Mangled by an iguana (15 damage)
             ... on level 4 of the Dungeon.
             The game lasted 00:05:01 (1596 turns).

Ymberti the Firebug (Deep Elf Fire Elementalist)    Turns: 1596, Time: 00:05:02

Health: -6/34      AC:  2    Str:  5    XL:     6   Next: 7%
Magic:  0/14       EV: 14    Int: 22    God:
Gold:   183        SH:  0    Dex: 15    Spells: 7/13 levels left

rFire    + . .     SeeInvis .   p - +0 spear (vamp)
rCold    x . .     Gourm    .   (no shield)
rNeg     + . .     Faith    .   a - +0 robe
rPois    .         Spirit   .   (no helmet)
rElec    .         Reflect  .   (no cloak)
rCorr    .         Harm     .   (no gloves)
MR       .....                  (no boots)
Stlth    ++........             (no amulet)
Regen    0.2/turn               l - ring of fire
MPRegen  0.2/turn               n - ring of positive energy

@: very slightly contaminated
A: no striking features
a: no special abilities


You were on level 4 of the Dungeon.
You were not hungry.

You visited 1 branch of the dungeon, and saw 4 of its levels.

You collected 183 gold pieces.

Inventory:

Hand Weapons
 p - a +0 vampiric spear (weapon)
Armour
 a - a +0 robe (worn)
Jewellery
 l - a ring of fire (left hand)
 n - a ring of positive energy (right hand)
Wands
 c - a wand of flame (24/48)
Scrolls
 e - 3 scrolls of teleportation {unknown}
 f - a scroll of enchant armour {unknown}
 g - 3 scrolls of remove curse {unknown}
 h - a scroll of noise {unknown}
 j - a scroll of enchant weapon {unknown}
 m - a scroll of immolation {unknown}
 s - a scroll of identify {unknown}
Potions
 d - a potion of agility {unknown}
 i - a potion of berserk rage {unknown}
 k - 2 potions of heal wounds
 o - a potion of resistance {unknown}
 r - a potion of curing {unknown}
Books
 b - a book of Flames

   Spells                             Type                      Level
   a - Flame Tongue                   Conjuration/Fire             1
   b - Throw Flame                    Conjuration/Fire             2
   c - Conjure Flame                  Conjuration/Fire             3
   d - Inner Flame                    Hexes/Fire                   3
   e - Sticky Flame                   Conjuration/Fire             4
   f - Fireball                       Conjuration/Fire             5
Comestibles
 q - a royal jelly
 t - a bread ration


   Skills:
 + Level 1.4 Fighting
 + Level 1.7 Polearms
 + Level 3.6 Dodging
 + Level 3.2 Stealth
 + Level 0.1 Unarmed Combat
 + Level 4.1 Spellcasting
 + Level 2.1 Conjurations
 + Level 4.5 Fire Magic


You had 7 spell levels left.
You knew the following spells:

 Your Spells              Type           Power        Failure   Level  Hunger
a - Flame Tongue          Conj/Fire      ####.        2%          1    None
b - Throw Flame           Conj/Fire      ####..       4%          2    #......
c - Conjure Flame         Conj/Fire      ####....     9%          3    ##.....


Dungeon Overview and Level Annotations

Branches:
Dungeon (3/15)

Altars:


Message History

You hit the adder.
You feel better.
The adder is moderately wounded.
The ball python bites you but does no damage.
The ball python constricts you. The adder bites you.
You closely miss the adder.
The adder is moderately wounded.
The ball python bites you but does no damage.
The ball python constricts you. The adder bites you. The ball python bites you.
* * * LOW HITPOINT WARNING * * *
The ball python constricts you.
Casting: Flame Tongue
Confirm with . or Enter, or press ? or * to list all spells.
Aiming: Flame Tongue
Press: ? - help, Shift-Dir - straight line, f - ball python
Aim: a ball python (constricting you)
You feel a surge of power!
You miscast Flame Tongue.
Nothing appears to happen.
The adder barely misses you. The ball python closely misses you.
The ball python constricts you.
You escape the ball python's grasp.
The adder misses you. The iguana bites you!
You die...

.....(... .... .........#
...# .........##...#
..............#
.............. ............#
# ........)...# ###
.......SS...# ...
.......l@...# ....
....######....# .... ....
#........# ....
.....##......###
..........##........########
..........##...............#
####...##.#####............#
.......#......#............#
.......#......####.........#


You could see an iguana, an adder and a ball python.

Vanquished Creatures
  2 ogres (D:4)
  A worker ant (D:4)
  Robin (D:2)
  2 adders (D:2)
  A leopard gecko (D:1)
  An orc (D:4)
  7 bats
  4 giant cockroaches
  2 hobgoblins (D:2)
  4 jackals (D:4)
  A quokka (D:4)
  5 frilled lizards
  8 goblins (D:2)
  4 kobolds
  31 rats
74 creatures vanquished.

Notes
Turn   | Place    | Note
-------+----------+-------------------------------------------
     0 | D:1      | Ymberti the Deep Elf Fire Elementalist began the quest for the Orb.
     0 | D:1      | Reached XP level 1. HP: 10/10 MP: 6/6
   242 | D:1      | Reached XP level 2. HP: 15/15 MP: 1/8
   721 | D:2      | Reached XP level 3. HP: 18/19 MP: 2/9
   879 | D:2      | Learned a level 2 spell: Throw Flame
   883 | D:2      | Learned a level 3 spell: Conjure Flame
   974 | D:2      | Noticed Robin
  1033 | D:2      | Killed Robin
  1277 | D:3      | Reached XP level 4. HP: 24/24 MP: 9/11
  1330 | D:3      | You fall through a shaft!
  1520 | D:4      | Noticed an ogre
  1527 | D:4      | Killed an ogre
  1527 | D:4      | Reached skill level 1 in Fighting
  1527 | D:4      | Reached skill level 1 in Polearms
  1527 | D:4      | Reached XP level 5. HP: 29/29 MP: 5/13
  1583 | D:4      | Noticed an ogre
  1592 | D:4      | Killed an ogre
  1592 | D:4      | Reached XP level 6. HP: 13/34 MP: 1/14
  1596 | D:4      | Mangled by an iguana

Skill      XL: |  1  2  3  4 |
---------------+-------------+-----
Fire Magic     | 4 |  4.5
Stealth        | 3 |  3.2
Spellcasting   | 4 |  4.1
Dodging        | 3 |  3.6
Fighting       | 1 |  1.4
Polearms       | 1 |  1.7
Conjurations   | 2 |  2.1
Unarmed Combat | |  0.1

Action                   |  1- 3 |  4- 6 || total
-------------------------+-------+-------++-------
Melee: Unarmed           |    10 |       ||    10
       Spear             |       |   100 ||   100
 Cast: Flame Tongue      |    60 |    18 ||    78
       Throw Flame       |     3 |     6 ||     9
       Conjure Flame     |       |     1 ||     1
  Use: Potion            |     1 |       ||     1
  Eat: Bread ration      |     1 |       ||     1
       Meat ration       |       |     1 ||     1
Armor: Robe              |    13 |    11 ||    24
Dodge: Dodged            |    33 |    62 ||    95
